Map: Orbital Shipyard

Players

sudsy - Winner!

  • Race: Terran Terran
  • League: Silver

Javert

  • Race: Zerg Zerg
  • League: Platinum

VOD

Have the link to the VOD?

Description

Time

  • Played on: Aug. 20, 2015, 9:01 p.m.
  • Length: 6:08
Show
View Real Time Build Order
Export as new Build Order

sudsy Terran - Winner!

Build Orders: 1/1/1, Banshee Rush 

Get SALT Encoding   

  12  0:00  SCV  
  13  0:12  SCV  
  14  0:17  Supply Depot  
  14  0:25  SCV  
  14  0:28  Refinery  
  15  0:39  SCV  
  16  0:45  Barracks  
  16  0:52  SCV  
  17  1:04  SCV  
  17  1:05  Supply Depot  
  18  1:16  SCV  
  19  1:29  SCV  
  20  1:33  Marine  
  20  1:36  Factory  
  21  1:42  Refinery  
  21  1:44  Orbital Command  
  21  1:51  Marine  
  22  2:10  SCV  
  23  2:17  Marine  
  23  2:22  SCV, Factory Tech Lab  
  25  2:25  Starport  
  25  2:28  Supply Depot  
  25  2:34  SCV  
  26  2:38  Barracks  
  26  2:46  Marine  
  27  2:52  SCV  
  28  3:06  SCV  
  28  3:07  Banshee  
  28  3:10  Cloaking Field  
  28  3:11  Barracks Reactor  
  32  3:16  Factory Tech Lab  
  32  3:25  SCV  
  33  3:30  Supply Depot  
  33  3:31  Marine  
  34  3:37  Siege Tank  
  34  3:41  SCV  
  38  3:51  Banshee  
  38  3:54  Marine x2  
  43  3:58  Barracks Reactor  
  43  4:01  SCV  
  44  4:06  Supply Depot  
  44  4:14  Marine x2  
  46  4:40  Marine x3  
  46  4:41  Siege Tank  
  46  4:42  Banshee  
  55  5:02  Supply Depot  
  55  5:03  Supply Depot  
  55  5:07  Engineering Bay  
  55  5:23  SCV, Marine x2  
  58  5:29  Marine x2  
  57  5:41  Marine  
  58  5:50  Command Center  
  58  5:57  Barracks  
Show
View Real Time Build Order
Export as new Build Order

Javert Zerg 

Build Orders: Hatch First 

Get SALT Encoding   

  12  0:01  Drone  
  13  0:15  Overlord  
  13  0:22  Drone  
  14  0:34  Drone x2  
  16  0:39  Drone  
  17  0:53  Hatchery  
  17  0:55  Drone  
  17  0:59  Extractor  
  17  1:02  Drone  
  17  1:11  Drone  
  18  1:19  Spawning Pool  
  18  1:23  Drone  
  18  1:32  Drone  
  19  1:42  Drone  
  20  1:53  Overlord  
  20  2:07  Queen  
  22  2:09  Metabolic Boost, Queen  
  24  2:16  Drone x3  
  24  2:17  Drone  
  28  2:28  Zergling x4  
  30  2:39  Drone x2  
  32  2:49  Queen  
  34  2:53  Hatchery  
  34  2:54  Overlord  
  33  3:02  Drone x3  
  36  3:09  Overlord  
  36  3:21  Drone x6  
  42  3:33  Overlord  
  42  3:38  Drone  
  42  3:39  Drone  
  42  3:40  Lair  
  44  3:46  Extractor  
  44  3:48  Extractor  
  42  3:49  Extractor  
  42  3:50  Drone  
  42  3:51  Drone x5  
  47  4:01  Overlord  
  47  4:16  Drone x5  
  51  4:39  Overseer  
  51  4:43  Drone  
  51  4:44  Drone x8  
  57  4:54  Spore Crawler  
  57  4:57  Spore Crawler  
  53  5:00  Spore Crawler  
  52  5:09  Spire  
  51  5:21  Drone  
  51  5:22  Drone x6  
  51  5:26  Overlord  
  57  5:28  Extractor  
  56  5:35  Drone  
  56  5:36  Drone x6  
  56  5:37  Drone  
  64  5:46  Overlord  
  64  5:55  Extractor  
Tags
 
Add a new tag
Caveats
  • Supply blocks, unpowered buildings, or Contaminate may cause inaccurate times.
  • Supply counts are checked every 10 seconds.